AA
EAGLE RIVER FAT BOYS @ CHARLESTON REBELS
08/15/2059
 
TOP OF THE 1ST
Eagle River Fat Boys batting - Pitching for Charleston Rebels : RHP Wyatt Çelebi
Pitching: RHP Wyatt Çelebi
Batting: RHB Jaden Womack 0-0: SINGLE (Line Drive, 4MD, EV 95.0 MPH)
Batting: RHB Cody Cox 0-0: Called Strike
0-1: Foul Ball, location: 2F
0-2: Strikes out swinging
Batting: SHB James Van Doorne 0-0: Called Strike
0-1: Foul Ball, location: 2F
0-2: DOUBLE (Line Drive, 7LS, EV 101.9 MPH)
Jaden Womack to third
Runner from 3rd tries for Home, SAFE, throw by LF to trailing runner, OUT at third! 7-3-5
Batting: SHB Stanford Morris 0-0: Ball
1-0: Called Strike
1-1: Foul Ball, location: 2F
1-2: Strikes out swinging
Top of the 1st over - 1 run, 2 hits, 0 errors, 0 left on base; Eagle River 1 - Charleston 0
BOTTOM OF THE 1ST
Charleston Rebels batting - Pitching for Eagle River Fat Boys : LHP Corbin Piracha
Pitching: LHP Corbin Piracha
Batting: LHB Devin Clark 0-0: Ball
1-0: Fly out, F9 (Line Drive, 9S, EV 89.4 MPH)
Batting: LHB Felton Kirt 0-0: Called Strike
0-1: Ball
1-1: SINGLE (Flyball, 89S, EV 89.4 MPH)
Batting: RHB Quinton Powell 0-0: Called Strike
Felton Kirt steals 2nd base (no throw)
0-1: Ball
1-1: Ball
2-1: Ball
3-1: Foul Ball, location: 2F
3-2: Strikes out swinging
Batting: LHB Chance Sprenkle 0-0: Called Strike
0-1: Ground out 6-3 (Groundball, 6, EV 84.4 MPH)
Bottom of the 1st over - 0 runs, 1 hit, 0 errors, 1 left on base; Eagle River 1 - Charleston 0
TOP OF THE 2ND
Eagle River Fat Boys batting - Pitching for Charleston Rebels : RHP Wyatt Çelebi
Batting: RHB Paul Finlayson 0-0: Ball
1-0: Foul Ball, location: 2F
1-1: Ground out U3 (Groundball, 34S, EV 91.2 MPH)
Batting: RHB Melville Axon 0-0: Ball
1-0: Ground out 6-3 (Groundball, 6M, EV 84.4 MPH)
Batting: RHB Phil Radil 0-0: Swinging Strike
0-1: Ball
1-1: Ball
2-1: SINGLE (Line Drive, 3D, EV 95.6 MPH)
Batting: RHB Donovan Doyle 0-0: Foul Ball, location: 2F
0-1: Swinging Strike
0-2: Strikes out swinging
Top of the 2nd over - 0 runs, 1 hit, 0 errors, 1 left on base; Eagle River 1 - Charleston 0
BOTTOM OF THE 2ND
Charleston Rebels batting - Pitching for Eagle River Fat Boys : LHP Corbin Piracha
Batting: LHB Chase Leyendecker 0-0: Ball
1-0: Fly out, F8 (Flyball, 8RD, EV 105.6 MPH)
Batting: RHB Brant Hartman 0-0: Swinging Strike
0-1: Called Strike
0-2: Foul Ball, location: 2F
0-2: Ball
1-2: Ball
2-2: Reached on error, E6 (Groundball, 56, EV 90.6 MPH)
Batting: LHB Benardrick Bajraktari 0-0: Called Strike
0-1: Ball
1-1: SINGLE (Line Drive, 7S, EV 106.2 MPH)
Brant Hartman to second
Batting: RHB Nathaniel Wade 0-0: Called Strike
0-1: SINGLE (Groundball, 6MD, EV 95.6 MPH)
Brant Hartman to third
Benardrick Bajraktari to second
Runner from 3rd tries for Home, SAFE, throw by CF to home
Batting: RHB Killian Gachukia 0-0: Ball
1-0: Called Strike
1-1: Called Strike
1-2: Grounds into double play, 6-4-3 (Groundball, 6S, EV 88.1 MPH)
Bottom of the 2nd over - 1 run, 2 hits, 1 error, 1 left on base; Eagle River 1 - Charleston 1
TOP OF THE 3RD
Eagle River Fat Boys batting - Pitching for Charleston Rebels : RHP Wyatt Çelebi
Batting: RHB Andy Hall 0-0: Fly out, F7 (Flyball, 7LM, EV 85.0 MPH)
Batting: RHB Jaden Womack 0-0: Ball
1-0: Foul Ball, location: 2F
1-1: Fly out, F9 (Flyball, 9S, EV 93.1 MPH)
Batting: RHB Cody Cox 0-0: Swinging Strike
0-1: Ball
1-1: Called Strike
1-2: Foul Ball, location: 2F
1-2: SINGLE (Groundball, 56, EV 95.6 MPH)
Batting: SHB James Van Doorne 0-0: Ball
1-0: Called Strike
1-1: Swinging Strike
1-2: Ball
2-2: Ball
3-2: Foul Ball, location: 2F
3-2: Strikes out swinging
Top of the 3rd over - 0 runs, 1 hit, 0 errors, 1 left on base; Eagle River 1 - Charleston 1
BOTTOM OF THE 3RD
Charleston Rebels batting - Pitching for Eagle River Fat Boys : LHP Corbin Piracha
Batting: LHB Devin Clark 0-0: SINGLE (Line Drive, 7S, EV 101.9 MPH)
Batting: LHB Felton Kirt 0-0: Called Strike
0-1: Ball
Devin Clark steals 2nd base
1-1: Ball
2-1: Fly out, F8 (Flyball, 8RD, EV 101.9 MPH)
Runner from 2nd tags up, SAFE at 3rd with throw by CF
Batting: RHB Quinton Powell 0-0: Foul Ball, location: 2F
0-1: Ball
1-1: SINGLE (Groundball, 6MD, EV 103.8 MPH)
Devin Clark scores
Batting: LHB Chance Sprenkle 0-0: Ball
Quinton Powell steals 2nd base
1-0: Called Strike
1-1: Ball
2-1: Foul Ball, location: 2F
2-2: Strikes out swinging
Batting: LHB Chase Leyendecker 0-0: Ball
1-0: Called Strike
1-1: Foul Ball, location: 2F
1-2: Ball
2-2: Fly out, F9 (Flyball, 89S, EV 86.2 MPH)
Bottom of the 3rd over - 1 run, 2 hits, 0 errors, 1 left on base; Eagle River 1 - Charleston 2
TOP OF THE 4TH
Eagle River Fat Boys batting - Pitching for Charleston Rebels : RHP Wyatt Çelebi
Batting: SHB Stanford Morris 0-0: Called Strike
0-1: Ball
1-1: Ball
2-1: Swinging Strike
2-2: Foul Ball, location: 2F
2-2: Fly out, F7 (Flyball, 78S, EV 90.6 MPH)
Batting: RHB Paul Finlayson 0-0: Called Strike
0-1: Called Strike
0-2: Strikes out looking
Batting: RHB Melville Axon 0-0: Called Strike
0-1: Foul Ball, location: 2F
0-2: Strikes out swinging
Top of the 4th over - 0 runs, 0 hits, 0 errors, 0 left on base; Eagle River 1 - Charleston 2
BOTTOM OF THE 4TH
Charleston Rebels batting - Pitching for Eagle River Fat Boys : LHP Corbin Piracha
Batting: RHB Brant Hartman 0-0: Ground out 5-3 (Groundball, 56S, EV 65.6 MPH)
Batting: LHB Benardrick Bajraktari 0-0: Called Strike
0-1: Ball
1-1: Ball
2-1: Called Strike
2-2: Ball
3-2: Base on Balls
Batting: RHB Nathaniel Wade 0-0: Ball
1-0: Ball
2-0: Called Strike
2-1: Foul Ball, location: 2F
2-2: Ball
3-2: Strikes out swinging
Batting: RHB Killian Gachukia 0-0: Ball
1-0: Ball
2-0: Fielders Choice at 2nd, 6-4 (Groundball, 6, EV 89.4 MPH)
Bottom of the 4th over - 0 runs, 0 hits, 0 errors, 1 left on base; Eagle River 1 - Charleston 2
TOP OF THE 5TH
Eagle River Fat Boys batting - Pitching for Charleston Rebels : RHP Wyatt Çelebi
Batting: RHB Phil Radil 0-0: Ball
1-0: Foul Ball, location: 2F
1-1: Ball
2-1: Ball
3-1: Base on Balls
Batting: RHB Donovan Doyle 0-0: Ball
1-0: Called Strike
1-1: Ball
2-1: Foul Ball, location: 2F
2-2: SINGLE (Flyball, 89S, EV 97.5 MPH)
Phil Radil to second
Batting: RHB Andy Hall 0-0: Ball
1-0: Ball
2-0: Swinging Strike
2-1: Swinging Strike
2-2: Ball
3-2: Strikes out swinging
Batting: RHB Jaden Womack 0-0: Ball
1-0: Ball
2-0: Ball
3-0: Called Strike
3-1: TRIPLE (Flyball, 78XD, EV 99.4 MPH)
Phil Radil scores
Donovan Doyle scores
Batting: RHB Cody Cox 0-0: Called Strike
0-1: Ball
1-1: Swinging Strike
1-2: Foul Ball, location: 2F
1-2: Ball
2-2: Ball
3-2: Fly out, F8 (Flyball, 8LS, EV 90.6 MPH)
Batting: SHB James Van Doorne 0-0: Foul Ball, location: 2F
0-1: Swinging Strike
0-2: Ball
1-2: Ball
2-2: Ball
3-2: Base on Balls
Batting: SHB Stanford Morris 0-0: Ball
1-0: Ball
2-0: DOUBLE (Line Drive, 89M, EV 100.6 MPH)
Jaden Womack scores
James Van Doorne to third
Runner from 3rd tries for Home, SAFE, throw by RF to trailing runner, SAFE at third!
Pitching: RHP Clarence Price
Batting: RHB Paul Finlayson 0-0: Foul Ball, location: 2F
0-1: Reached on error, E4 (Groundball, 4, EV 86.9 MPH)
Stanford Morris scores
Batting: RHB Melville Axon 0-0: Ball
1-0: Called Strike
1-1: Fly out, F7 (Flyball, 78M, EV 90.6 MPH)
Top of the 5th over - 5 runs, 3 hits, 1 error, 1 left on base; Eagle River 6 - Charleston 2
BOTTOM OF THE 5TH
Charleston Rebels batting - Pitching for Eagle River Fat Boys : LHP Corbin Piracha
Batting: LHB Devin Clark 0-0: Ball
1-0: SINGLE (Line Drive, 34, EV 95.0 MPH)
Batting: LHB Felton Kirt 0-0: Called Strike
Devin Clark steals 2nd base
0-1: Foul Ball, location: 2F
0-2: Ball
1-2: Ball
2-2: Foul Ball, location: 2F
2-2: Ball
3-2: Foul Ball, location: 2F
3-2: Strikes out swinging
Batting: RHB Quinton Powell 0-0: Ball
1-0: Ball
2-0: Fly out, F7 (Flyball, 7, EV 85.6 MPH)
Batting: LHB Chance Sprenkle 0-0: Ball
1-0: Fly out, F9 (Flyball, 9S, EV 85.0 MPH)
Bottom of the 5th over - 0 runs, 1 hit, 0 errors, 1 left on base; Eagle River 6 - Charleston 2
TOP OF THE 6TH
Eagle River Fat Boys batting - Pitching for Charleston Rebels : RHP Clarence Price
Batting: RHB Phil Radil 0-0: Swinging Strike
0-1: Ground out 5-3 (Groundball, 56, EV 85.0 MPH)
Batting: RHB Donovan Doyle 0-0: Ball
1-0: SINGLE (Line Drive, 89S, EV 93.8 MPH)
Batting: RHB Andy Hall 0-0: SINGLE (Line Drive, 6M, EV 108.8 MPH)
Donovan Doyle to second
Batting: RHB Jaden Womack 0-0: Called Strike
0-1: Ball
1-1: Fly out, F9 (Flyball, 9S, EV 88.1 MPH)
Batting: RHB Cody Cox 0-0: Foul Ball, location: 2F
0-1: Foul Ball, location: 2F
0-2: SINGLE (Groundball, 6MD, EV 100.6 MPH) (infield hit)
Donovan Doyle to third
Andy Hall to second
Batting: SHB James Van Doorne 0-0: Fly out, F8 (Line Drive, 8LD, EV 93.1 MPH)
Top of the 6th over - 0 runs, 3 hits, 0 errors, 3 left on base; Eagle River 6 - Charleston 2
BOTTOM OF THE 6TH
Charleston Rebels batting - Pitching for Eagle River Fat Boys : LHP Corbin Piracha
Batting: LHB Chase Leyendecker 0-0: Ball
1-0: Ball
2-0: Called Strike
2-1: Ball
3-1: Base on Balls
Batting: RHB Brant Hartman 0-0: Ground out 4-3 (Groundball, 34, EV 93.1 MPH)
Chase Leyendecker to second
Batting: LHB Benardrick Bajraktari 0-0: Ball
1-0: Called Strike
1-1: Ball
2-1: Foul Ball, location: 2F
2-2: Ground out 4-3 (Groundball, 4D, EV 86.9 MPH)
Chase Leyendecker to third
Batting: RHB Nathaniel Wade 0-0: Foul Ball, location: 2F
0-1: Swinging Strike
0-2: Strikes out swinging
Bottom of the 6th over - 0 runs, 0 hits, 0 errors, 1 left on base; Eagle River 6 - Charleston 2
TOP OF THE 7TH
Eagle River Fat Boys batting - Pitching for Charleston Rebels : RHP Clarence Price
Batting: SHB Stanford Morris 0-0: Foul Ball, location: 2F
0-1: Ball
1-1: Ball
2-1: Foul Ball, location: 2F
2-2: Foul Ball, location: 2F
2-2: Foul Ball, location: 2F
2-2: Ball
3-2: Foul Ball, location: 2F
3-2: Strikes out swinging
Batting: RHB Paul Finlayson 0-0: Foul Ball, location: 2F
0-1: Foul Ball, location: 2F
0-2: Strikes out swinging
Batting: RHB Melville Axon 0-0: Ball
1-0: Foul Ball, location: 2F
1-1: SINGLE (Groundball, 6D, EV 93.8 MPH)
Batting: RHB Phil Radil 0-0: Called Strike
0-1: Called Strike
0-2: Ground out 6-3 (Groundball, 6, EV 102.5 MPH)
Top of the 7th over - 0 runs, 1 hit, 0 errors, 1 left on base; Eagle River 6 - Charleston 2
BOTTOM OF THE 7TH
Charleston Rebels batting - Pitching for Eagle River Fat Boys : LHP Corbin Piracha
Batting: RHB Killian Gachukia 0-0: SINGLE (Line Drive, 8LS, EV 98.1 MPH)
Batting: LHB Devin Clark 0-0: Called Strike
0-1: Ball
1-1: Foul Ball, location: 2F
1-2: SINGLE (Line Drive, 89S, EV 101.2 MPH)
Killian Gachukia to second
Batting: LHB Felton Kirt 0-0: Foul Ball, location: 2F
0-1: Grounds into double play, 6-4-3 (Groundball, 6, EV 85.0 MPH)
Killian Gachukia to third
Pitching: RHP Micah Kanda
Batting: RHB Quinton Powell 0-0: Ball
1-0: Foul Ball, location: 2F
1-1: Ball
2-1: Ball
3-1: Base on Balls
Batting: LHB Chance Sprenkle 0-0: Ball
1-0: Swinging Strike
1-1: Ball
2-1: Called Strike
2-2: Strikes out looking
Bottom of the 7th over - 0 runs, 2 hits, 0 errors, 2 left on base; Eagle River 6 - Charleston 2
TOP OF THE 8TH
Eagle River Fat Boys batting - Pitching for Charleston Rebels : RHP Clarence Price
Batting: RHB Donovan Doyle 0-0: Ball
1-0: Ball
2-0: Foul Ball, location: 2F
2-1: Ball
3-1: Foul Ball, location: 2F
3-2: Base on Balls
Batting: RHB Andy Hall 0-0: Called Strike
0-1: Ball
1-1: Fly out, F9 (Flyball, 89D, EV 90.6 MPH)
Batting: RHB Jaden Womack 0-0: SINGLE (Groundball, 34D, EV 101.9 MPH)
Donovan Doyle to second
Runner from 2nd tries for 3rd, SAFE, throw by RF made to third
Jaden Womack to second
Batting: RHB Cody Cox 0-0: Ball
1-0: Foul Ball, location: 2F
1-1: Ball
2-1: Fly out, F9 (Flyball, 9LM, EV 75.0 MPH)
Runner from 3rd tags up, SCORES, throw by RF
Jaden Womack to third
Pitching: LHP Terrance Cullen
Batting: SHB James Van Doorne 0-0: Ball
1-0: Called Strike
1-1: Swinging Strike
1-2: Strikes out swinging
Top of the 8th over - 1 run, 1 hit, 0 errors, 1 left on base; Eagle River 7 - Charleston 2
BOTTOM OF THE 8TH
Charleston Rebels batting - Pitching for Eagle River Fat Boys : RHP Micah Kanda
Batting: LHB Chase Leyendecker 0-0: Ball
1-0: Ground out 6-3 (Groundball, 6, EV 89.4 MPH)
Batting: RHB Brant Hartman 0-0: Foul Ball, location: 2F
0-1: Ball
1-1: Called Strike
1-2: Ball
2-2: Ball
3-2: Strikes out swinging
Batting: LHB Benardrick Bajraktari 0-0: Foul Ball, location: 2F
0-1: Foul Ball, location: 2F
0-2: Ball
1-2: Ball
2-2: Strikes out looking
Bottom of the 8th over - 0 runs, 0 hits, 0 errors, 0 left on base; Eagle River 7 - Charleston 2
TOP OF THE 9TH
Eagle River Fat Boys batting - Pitching for Charleston Rebels : LHP Terrance Cullen
Pitching: RHP Ammon Ortiz
Batting: SHB Stanford Morris 0-0: Ball
1-0: Foul Ball, location: 2F
1-1: Ball
2-1: Ball
3-1: Ground out 4-3 (Groundball, 4, EV 102.5 MPH)
Batting: RHB Paul Finlayson 0-0: Ball
1-0: Ball
2-0: Swinging Strike
2-1: Ball
3-1: SINGLE (Flyball, 78S, EV 94.4 MPH)
Batting: RHB Melville Axon 0-0: Ball
1-0: Ball
2-0: Ball
3-0: Called Strike
3-1: Base on Balls
Paul Finlayson to second
Batting: RHB Phil Radil 0-0: Called Strike
0-1: Called Strike
0-2: Ball
1-2: Strikes out swinging
Batting: RHB Donovan Doyle 0-0: Ground out 3-1 (Groundball, 34, EV 105.0 MPH)
Top of the 9th over - 0 runs, 1 hit, 0 errors, 2 left on base; Eagle River 7 - Charleston 2
BOTTOM OF THE 9TH
Charleston Rebels batting - Pitching for Eagle River Fat Boys : RHP Micah Kanda
Batting: RHB Nathaniel Wade 0-0: Ball
1-0: Foul Ball, location: 2F
1-1: Ground out 6-3 (Groundball, 6M, EV 83.1 MPH)
Batting: RHB Killian Gachukia 0-0: Ball
1-0: Called Strike
1-1: Foul Ball, location: 2F
1-2: Foul Ball, location: 2F
1-2: Ground out 6-3 (Groundball, 6D, EV 86.2 MPH)
Batting: LHB Devin Clark 0-0: Fly out, F9 (Line Drive, 9S, EV 91.2 MPH)
Bottom of the 9th over - 0 runs, 0 hits, 0 errors, 0 left on base; Eagle River 7 - Charleston 2
Saturday, March 23rd , 2024 - OOTP Baseball 23.10 Build 110